 Dungeon Crawl Stone Soup version 0.27-a0-277-g024f7ef292 (webtiles) character file.

Game seed: 4935424006024657648

226 Nattfarinn the Summoner (level 6, -1/42 HPs)
             Began as a Barachi Summoner on Feb 6, 2021.
             Slain by a phantom (7 damage)
             ... on level 4 of the Dungeon.
             The game lasted 00:10:02 (5184 turns).

Nattfarinn the Summoner (Barachi Summoner)          Turns: 5184, Time: 00:10:02

Health: -1/42      AC:  6    Str: 15    XL:     6   Next: 1%
Magic:  1/9        EV: 12    Int: 17    God:
Gold:   158        SH:  0    Dex: 13    Spells: 3/9 levels left

rFire    + . .     SeeInvis .   c - +0 dagger
rCold    x . .     Faith    .   (no shield)
rNeg     . . .     Spirit   .   a - +0 robe
rPois    .         Reflect  .   n - +0 helmet
rElec    .         Harm     .   k - +0 cloak
rCorr    .         Rampage  .   (no gloves)
Will     .....                  h - +1 pair of boots
Stlth    ++........             (no amulet)
HPRegen  0.14/turn              e - +6 ring of strength
MPRegen  0.11/turn              g - ring of fire

@: brilliant, lethally poisoned (-1 -> -2), attractive, slow
A: +LOS, swims, slowness 1, strong legs 1
a: Hop


You were on level 4 of the Dungeon.
You visited 1 branch of the dungeon, and saw 4 of its levels.

You collected 158 gold pieces.

Inventory:

Hand Weapons
 c - a +0 dagger (weapon)
Missiles
 q - 14 poisoned darts (quivered)
Armour
 a - a +0 robe (worn)
 h - a +1 pair of boots (worn)
 k - a +0 cloak (worn)
 m - a +0 buckler
 n - a +0 helmet (worn)
Jewellery
 e - a +6 ring of strength (left hand)
 g - a ring of fire (right hand)
Wands
 j - a wand of random effects (6)
Scrolls
 d - a scroll of remove curse
 f - 3 scrolls of teleportation
 i - a scroll of magic mapping
 l - a scroll of immolation
 o - a scroll of random uselessness
Potions
 p - a potion of curing {unknown}
 s - a potion of berserk rage {unknown}
 t - a potion of brilliance


   Skills:
 - Level 0.6 Fighting
 - Level 1.0 Armour
 - Level 2.3 Dodging
 - Level 1.7 Stealth
 - Level 2.2 Spellcasting
 * Level 8.2 Summonings


You had 3 spell levels left.
You knew the following spells:

 Your Spells              Type           Power        Failure   Level
a - Summon Small Mammal   Summ           100%         1%          1
b - Call Imp              Summ           44%          1%          2
c - Call Canine Familiar  Summ           44%          1%          3

Your spell library contained the following spells:

 Spells                   Type           Power        Failure   Level
 Summon Guardian Golem    Hex/Summ       23%          11%         3
 Summon Ice Beast         Ice/Summ       23%          34%         4
 Summon Lightning Spire   Summ/Air       23%          34%         4


Dungeon Overview and Level Annotations

Branches:
Dungeon (4/15)
 Temple: D:4-7

Altars:


Innate Abilities, Weirdness & Mutations

You can be seen from farther away. (+LOS)
You can swim through water.
You cover ground slowly.
You can hop short distances.


Message History

Your hound bites the phantom.
The phantom hits you.
The phantom blinks!
You blink.
The phantom hits you but does no damage.
You closely miss the phantom.
The phantom is severely damaged.
You hear the slow hiss of a distant avalanche of sand.
The phantom hits you.
* * * LOW HITPOINT WARNING * * *
It was a potion of brilliance.
You feel clever all of a sudden.
You feel sick. The phantom hits you.
* * * LOW HITPOINT WARNING * * *
The phantom blinks!
You blink.
Found a quarterstaff.
An iguana comes into view.
It was a potion of attraction.
You feel attractive to monsters.
The iguana hisses angrily.
The phantom hits you!
You die...

# #...S..#
...#.###..#
##......###.####
...#
#...§....##..##
#..
#..§.....<....#
#........###......
##.......# .!....
##..#..## ... .#
#......##.##.#
..#...@........
........W.......#
.#...............
#...............
...##.##.........
## ## ..........
.....)#...
l##....... .
##...#.


You could see a phantom, an iguana and an adder.

Vanquished Creatures
  An adder (D:3)
  A leopard gecko (D:2)
  An orc (D:3)
  2 ball pythons
  9 bats
  2 giant cockroaches
  A goblin (D:1)
  2 hobgoblins (D:2)
  A quokka (D:3)
  6 frilled lizards
  3 kobolds (D:2)
  7 rats
36 creatures vanquished.

Vanquished Creatures (collateral kills)
  Grinder (D:3)
  A scorpion (D:4)
  3 adders
  A gnoll (D:1)
  2 oozes
  4 worms
  A dart slug (D:1)
  2 leopard geckos
  An orc (D:2)
  2 giant cockroaches
  2 hobgoblins
  3 jackals (D:1)
  4 kobolds
  2 quokkas
  A ball python (D:3)
  2 bats (D:1)
  2 frilled lizards (D:1)
  2 rats
36 creatures vanquished.

Grand Total: 72 creatures vanquished

Notes
Turn   | Place    | Note
-------+----------+-------------------------------------------
     0 | D:1      | Nattfarinn the Barachi Summoner began the quest for the
                  | Orb.
     0 | D:1      | Reached XP level 1. HP: 13/13 MP: 3/3
   412 | D:1      | Reached XP level 2. HP: 6/20 MP: 3/5
   432 | D:1      | Reached skill level 1 in Armour
   432 | D:1      | Reached skill level 5 in Summonings
   844 | D:1      | Learned a level 2 spell: Call Imp
  1366 | D:1      | Reached XP level 3. HP: 25/25 MP: 6/6
  1932 | D:2      | Learned a level 3 spell: Call Canine Familiar
  2530 | D:2      | Reached skill level 6 in Summonings
  3354 | D:2      | Reached XP level 4. HP: 31/31 MP: 3/7
  4342 | D:3      | Noticed Grinder
  4352 | D:3      | Paralysed by Grinder for 6 turns
  4376 | D:3      | Killed Grinder
  4377 | D:3      | Reached skill level 7 in Summonings
  4377 | D:3      | Reached XP level 5. HP: 36/36 MP: 2/8
  5159 | D:4      | Noticed a phantom
  5168 | D:4      | Reached skill level 8 in Summonings
  5168 | D:4      | Reached XP level 6. HP: 24/42 MP: 4/9
  5184 | D:4      | Slain by a phantom

Illustrated notes

Levels and vault maps discovered:
D:1:      elethiomel_arrival_maze, layout_basic
D:2:      layout_basic
D:3:      layout_loops_ring, uniq_grinder
D:4:      layout_cave_pools, kennysheep_little_box, minmay_temple_entry_slanted,
          enter_ossuary_5, st_stairs_10, grunt_decor_one_mirror

Skill      XL: |  1  2  3  4  5 |
---------------+----------------+-----
Armour         | 1 |  1.0
Summonings     | 5 6 7 8 |  8.2
Fighting       | |  0.6
Dodging        | |  2.3
Stealth        | |  1.7
Spellcasting   | |  2.2

Action                   |  1- 3 |  4- 6 || total
-------------------------+-------+-------++-------
Melee: Dagger            |   134 |    79 ||   213
       Unarmed           |     5 |       ||     5
Throw: Stone             |     8 |       ||     8
       Dart              |       |     2 ||     2
 Cast: Summon Small Mamm |    11 |       ||    11
       Call Imp          |    11 |     6 ||    17
       Call Canine Famil |     4 |     8 ||    12
  Use: Potion            |       |     4 ||     4
       Scroll            |       |     7 ||     7
 Stab: Distracted        |     1 |       ||     1
       Sleeping          |     4 |     3 ||     7
Armor: Robe              |    54 |    33 ||    87
Dodge: Dodged            |   133 |    58 ||   191

Table legend: (Time is in decaauts)
 A = Elapsed time spent in this place.
 B = Non-inter-level travel time spent in this place.
 C = Inter-level travel time spent in this place.
 D = Time resting spent in this place.
 E = Time spent auto-exploring this place.
 F = Levels seen in this place.
 G = Mean time per level.
                   A        B        C        D        E       F      G
               +--------+--------+--------+--------+--------+-----+--------+
         Total |   5672 |   5342 |    330 |   1585 |   2907 |   4 | 1418.0 |
       Dungeon |   5672 |   5342 |    330 |   1585 |   2907 |   4 | 1418.0 |
               +--------+--------+--------+--------+--------+-----+--------+

Top non-repeatable levels by time:
     D:2: 2206 daAuts
     D:1: 2054 daAuts
     D:3: 1361 daAuts
     D:4: 51 daAuts
